 Dungeon Crawl Stone Soup version 0.31.0-1-g2c135a0 (webtiles) character file.

Game seed: 10326790095798231755

231 jagoly the Trooper (level 6, 39/39 HPs)
             Began as a Gargoyle Monk on Jan 26, 2024.
             Was the Champion of Ignis.
             Quit the game on level 4 of the Dungeon.
             The game lasted 00:12:23 (1445 turns).

jagoly the Trooper (Gargoyle Monk)                  Turns: 1445, Time: 00:12:23

Health: 39/39      AC: 13    Str: 17    XL:     6   Next: 4%
Magic:  6/6        EV: 10    Int: 10    God:    Ignis [******]
Gold:   84         SH:  0    Dex: 12    Spells: 5/5 levels left

rFire   + + +        w - +4 flail
rCold   . . .        d - orb {light}
rNeg    + . .        p - +2 scale mail {rF+}
rPois   ∞            (no helmet)
rElec   +            (no cloak)
rCorr   .            (no gloves)
SInv    .            o - +0 pair of boots
Will    .....        (no amulet) Stlth
                     r - ring of protection from fire
HPRegen 0.26/turn    (no ring)
MPRegen 0.10/turn

%: no passive effects
@: glowing
A: sickness immunity, AC +4, negative energy resistance 1, electricity
resistance, torment resistance 1, petrification resistance
a: Renounce Religion, Fiery Armour, Foxfire Swarm, Rising Flame


You were on level 4 of the Dungeon.
You worshipped Ignis.
Ignis was exalted by your worship.
You visited 1 branch of the dungeon, and saw 4 of its levels.

You collected 84 gold pieces.

Inventory:

Hand Weapons
 a - a +0 hand axe
 b - a +0 dagger of venom
 w - a +4 flail (weapon)
Missiles
 l - 9 boomerangs (quivered)
 n - 7 stones
Armour
 d - an orb of light (worn)
 o - a +0 pair of boots (worn)
 p - a +2 scale mail of fire resistance (worn)
 s - a +0 plate armour
Jewellery
 r - a ring of protection from fire (left hand)
Wands
 g - a wand of roots (8)
Scrolls
 e - 4 scrolls of identify
 h - a scroll of enchant weapon
 i - a scroll of blinking {unknown}
 m - a scroll of fog {unknown}
 q - a scroll of enchant armour {unknown}
Potions
 c - a potion of ambrosia
 f - 2 potions of heal wounds {unknown}
 j - a potion of enlightenment {unknown}
 k - a potion of attraction {unknown}
 t - a potion of haste {unknown}


   Skills:
 + Level 4.6 Fighting
 + Level 4.6 Axes
 + Level 1.9 Armour
 - Level 2.4 Dodging
 - Level 2.0 Stealth


You had 5 spell levels left.
You didn't know any spells.
Your spell library contained the following spells:

 Spells                   Type           Power      Damage    Failure   Level
 Static Discharge         Conj/Air       0%         3-3/arc   89%         2
 Airstrike                Air            0%         2d(0-16)  100%        4
 Summon Lightning Spire   Summ/Air       0%         N/A       100%        4


Dungeon Overview and Level Annotations

Branches:
Dungeon (4/15) Zot: 22545
 Temple: D:4-7

Altars:
Trog
Ignis

Shops:
D:2 ([   D:4 (

Annotations:
D:4 Grinder


Innate Abilities, Weirdness & Mutations

You are immune to sickness and miasma.
Your stone body is resilient. (AC +4)
You are immune to poison.
You resist negative energy. (rN+)
You are resistant to electric shocks. (rElec)
You are resistant to unholy torment.
You are immune to petrification.


Message History

e - 4 scrolls labelled NUVYDD OLYKETS (gained 1)
Found a stone staircase leading up.
A rat comes into view.
The rat barely misses you.
You hit the rat but do no damage. The rat barely misses you.
You hit the rat.
You kill the rat!
No target in view! 2 ufetubi come into view.
The ufetubus shouts! x2; You hear a shout!
The ufetubus moves out of view.
An ufetubus is nearby!
Your +0 dagger of venom stops dripping with poison.
a - a +0 hand axe (weapon)
You barely miss the ufetubus. The ufetubus hits you.
The ufetubus barely misses you. The ufetubus closely misses you.
The ufetubus hits you but does no damage.
You hit the ufetubus.
The ufetubus is lightly wounded.
The ufetubus hits you but does no damage.
The ufetubus misses you. The ufetubus hits you. The ufetubus barely misses you.
You hit the ufetubus.
The ufetubus is severely wounded.
You hit the ufetubus. The ufetubus barely misses you.
The ufetubus closely misses you. The ufetubus barely misses you.
The ufetubus hits you but does no damage.
The ufetubus closely misses you. The ufetubus barely misses you.
The ufetubus hits you. The ufetubus barely misses you.
You hit the ufetubus.
You kill the ufetubus!
You hit the ufetubus but do no damage. The ufetubus hits you.
The ufetubus barely misses you.
The ufetubus hits you but does no damage.
The ufetubus barely misses you.
Training target 2.0 for Stealth reached!
Training target 4.0 for Fighting reached!
Your Fighting skill increases to level 4!
Your Stealth skill increases to level 2!
You have reached level 4!
You feel stronger.
You hit the ufetubus.
The ufetubus is heavily wounded.
The ufetubus barely misses you. The ufetubus misses you. The ufetubus hits you.
The ufetubus closely misses you.
You barely miss the ufetubus.
The ufetubus is heavily wounded.
The ufetubus hits you.
* * * LOW HITPOINT WARNING * * *
The ufetubus barely misses you.
You are too injured to fight recklessly!
Cleave: a) +0 hand axe
Press: ? - help, Dir - move target, f - ufetubus
Aim: an ufetubus (heavily wounded, haloed, about 38% to evade your +0 hand axe)
You hit the ufetubus.
You kill the ufetubus!
Your +0 dagger of venom begins to drip with poison!
b - a +0 dagger of venom (weapon)
Found 7 gold pieces.
Found a faded altar of an unknown god.
You now have 71 gold pieces (gained 7).
A gnoll comes into view. It is wielding a +4 flail.
The gnoll shouts!
You hit the fungus.
The fungus begins to die.
The fungus is lightly damaged.
You hit the fungus.
The fungus is lightly damaged.
A gnoll comes into view. It is wielding a +0 club.
A nearby fungus withers and dies.
Hit: b) +0 dagger (venom)
Press: ? - help, Dir - move target, f - gnoll
Aim: a gnoll, wielding a +4 flail (haloed, about 16% to evade your +0 dagger of venom)
You hit the gnoll.
The gnoll is lightly wounded.
A gnoll comes into view. It is wielding a +0 spear.
The gnoll hits you but does no damage.
Hit: b) +0 dagger (venom)
Press: ? - help, Dir - move target, f/p - gnoll
Aim: a gnoll, wielding a +4 flail (lightly wounded, haloed, about 16% to evade your +0 dagger of venom)
You hit the gnoll.
The gnoll is poisoned.
The gnoll is lightly wounded.
The gnoll hits you with a +4 flail!
* * * LOW HITPOINT WARNING * * *
Hit: b) +0 dagger (venom)
Press: ? - help, Dir - move target, f/p - gnoll
Aim: a gnoll, wielding a +4 flail (moderately wounded, poisoned, haloed, about 16% to evade your +0 dagger of venom)
You hit the gnoll.
The gnoll looks even sicker.
The gnoll is moderately wounded.
The gnoll hits you with a +4 flail.
* * * LOW HITPOINT WARNING * * *
Hit: b) +0 dagger (venom)
Press: ? - help, Dir - move target, f/p - gnoll
Aim: a gnoll, wielding a +4 flail (moderately wounded, very poisoned, haloed, about 16% to evade your +0 dagger of venom)
You hit the gnoll but do no damage.
The gnoll looks as sick as possible!
The gnoll is moderately wounded.
The gnoll barely misses you. The gnoll attacks as it pursues you!
The gnoll hits you with a +4 flail.
* * * LOW HITPOINT WARNING * * *
You kill the gnoll!
There is a stone staircase leading up here.
Okay, then.
Okay, then.
You climb upwards.
Level annotation: Terence
There is a stone staircase leading down here.
Found 6 gold pieces.
You now have 77 gold pieces (gained 6).
You open the door.
There is an open door here.
A ball python comes into view.
The ball python hisses angrily.
You barely miss the ball python.
The ball python bites you but does no damage.
The ball python barely misses you.
You hit the ball python.
The ball python is moderately wounded.
The ball python closely misses you. The ball python grabs you.
The ball python constricts you. The ball python barely misses you.
The ball python constricts you.
You hit the ball python but do no damage.
The ball python is poisoned.
The ball python is moderately wounded.
The ball python barely misses you. The ball python constricts you.
You hit the ball python.
You kill the ball python!
l - 9 boomerangs (gained 4) HP restored.
A dart slug comes into view.
The dart slug launches a dart at you. The slug dart misses you.
The dart slug launches a dart at you. The slug dart hits you.
The dart slug misses you.
You completely miss the dart slug. You hit the dart slug.
The dart slug is poisoned.
The dart slug is moderately wounded.
The dart slug launches a dart at you.
The slug dart hits you but does no damage.
You hit the dart slug.
The dart slug is severely wounded.
You kill the dart slug!
You see here a +0 pair of boots.
You start putting on your armour.
You continue putting on your +0 pair of boots.
HP restored.
You continue putting on your +0 pair of boots. x3
You finish putting on your +0 pair of boots.
You enter the shallow water.
Moving in this stuff is going to be slow.
Found a hand axe.
Found 7 gold pieces.
You now have 84 gold pieces (gained 7).
You see here a +0 hand axe.
There is an escape hatch in the ceiling here.
Terence shouts!
Throw: 9 boomerangs
Press: ? - help, Shift-Dir - straight line, f - Terence
Aim: Terence, wielding a +0 mace and wearing a +2 scale mail of fire resistance (60% to hit)
You throw a boomerang.
The boomerang hits Terence but does no damage.
Throw: 8 stones
Press: ? - help, Shift-Dir - straight line, f/p - Terence
Aim: Terence, wielding a +0 mace and wearing a +2 scale mail of fire resistance (haloed, 80% to hit)
You throw a stone.
The stone hits Terence but does no damage.
You hit Terence.
Terence is poisoned.
Terence is lightly wounded.
Terence hits you but does no damage.
Hit: b) +0 dagger (venom)
Press: ? - help, Dir - move target, f/p - Terence
Aim: Terence, wielding a +0 mace and wearing a +2 scale mail of fire resistance (lightly wounded, very poisoned, haloed, about 16% to evade your +0 dagger of venom)
You barely miss Terence.
Terence is lightly wounded.
Terence hits you but does no damage.
Hit: b) +0 dagger (venom)
Press: ? - help, Dir - move target, f/p - Terence
Aim: Terence, wielding a +0 mace and wearing a +2 scale mail of fire resistance (lightly wounded, very poisoned, haloed, about 16% to evade your +0 dagger of venom)
You hit Terence but do no damage.
Terence looks as sick as possible!
Terence is lightly wounded.
Terence hits you but does no damage.
Your +0 dagger of venom stops dripping with poison.
a - a +0 hand axe (weapon)
Cleave: a) +0 hand axe
Press: ? - help, Dir - move target, f/p - Terence
Aim: Terence, wielding a +0 mace and wearing a +2 scale mail of fire resistance (heavily wounded, extremely poisoned, haloed, about 17% to evade your +0 hand axe)
You hit Terence.
Terence is severely wounded.
Terence hits you but does no damage.
Cleave: a) +0 hand axe
Press: ? - help, Dir - move target, f/p - Terence
Aim: Terence, wielding a +0 mace and wearing a +2 scale mail of fire resistance (almost dead, extremely poisoned, haloed, about 17% to evade your +0 hand axe)
You hit Terence but do no damage.
Terence is almost dead.
Terence hits you with a +0 mace. x2
Cleave: a) +0 hand axe
Press: ? - help, Dir - move target, f/p - Terence
Aim: Terence, wielding a +0 mace and wearing a +2 scale mail of fire resistance (almost dead, very poisoned, haloed, about 17% to evade your +0 hand axe)
You hit Terence.
You kill Terence!
Your Axes skill increases to level 4!
Things that are here:
a +0 mace; a +2 scale mail of fire resistance You start removing your armour.
You continue taking off your +0 robe. x4
You finish taking off your +0 robe.
You start putting on your armour.
You continue putting on your +2 scale mail of fire resistance. x2
HP restored.
You continue putting on your +2 scale mail of fire resistance. x3
You finish putting on your +2 scale mail of fire resistance.
You feel resistant to fire.
You drop a +0 robe.
Press: ? - help, v - describe, . - travel, g - get item
Items here: a +0 robe; a +0 mace.
The floor.
This square is lit by a halo.
There is a stone staircase leading down here.
Your +0 dagger of venom begins to drip with poison!
b - a +0 dagger of venom (weapon)
You climb downwards.
There is a stone staircase leading up here.
There is a stone staircase leading up here.
A gnoll is nearby!
The gnoll shouts!
The gnoll barely misses you.
You hit the gnoll.
The gnoll is poisoned.
The gnoll is moderately wounded.
The gnoll completely misses you.
You hit the gnoll but do no damage.
The gnoll looks even sicker.
The gnoll is heavily wounded.
The gnoll barely misses you.
You hit the gnoll but do no damage.
The gnoll looks as sick as possible!
The gnoll is heavily wounded.
The gnoll hits you with a +0 spear.
You hit the gnoll but do no damage.
The gnoll looks as sick as possible!
The gnoll is severely wounded.
The gnoll hits you with a +0 spear.
Your +0 dagger of venom stops dripping with poison.
a - a +0 hand axe (weapon)
You hit the gnoll but do no damage.
The gnoll is severely wounded.
You kill the gnoll!
You have reached level 5!
Your +0 dagger of venom begins to drip with poison!
b - a +0 dagger of venom (weapon)
You see here a +0 spear.
What are your orders? t - Shout!
Orders for allies: a - Attack new target. r - Retreat! s - Stop attacking. g - Guard the area. f - Follow me.
Anything else - Cancel.
You shout for attention!
You hear a shout!
You see here a +0 spear.
What are your orders? t - Shout!
Orders for allies: a - Attack new target. r - Retreat! s - Stop attacking. g - Guard the area. f - Follow me.
Anything else - Cancel.
You shout for attention!
You hear a shout!
You hear an angry hiss.
An adder comes into view.
The adder hisses angrily.
You hit the adder.
The adder is poisoned.
The adder is moderately wounded.
The adder closely misses you.
You hit the adder.
The adder is heavily wounded.
The adder bites you but does no damage. x2
You closely miss the adder.
The adder is heavily wounded.
The adder closely misses you.
You hit the adder.
The adder looks even sicker.
The adder is almost dead.
The adder bites you but does no damage.
You hit the gnoll.
The gnoll is poisoned.
The gnoll is moderately wounded.
The adder bites you but does no damage. The gnoll hits you but does no damage.
The adder bites you but does no damage.
You hit the gnoll but do no damage.
The gnoll looks as sick as possible!
The gnoll is moderately wounded.
The gnoll hits you but does no damage. The adder closely misses you.
Your +0 dagger of venom stops dripping with poison.
a - a +0 hand axe (weapon)
Cleave: a) +0 hand axe
Press: ? - help, Dir - move target, f - gnoll
Aim: a gnoll, wielding a +0 club (moderately wounded, extremely poisoned, haloed, about 17% to evade your +0 hand axe)
You hit the gnoll but do no damage.
The gnoll is moderately wounded.
You hit the adder.
You kill the adder!
The gnoll barely misses you. The gnoll completely misses you.
Cleave: a) +0 hand axe
Press: ? - help, Dir - move target, f/p - gnoll
Aim: a gnoll, wielding a +0 club (heavily wounded, extremely poisoned, haloed, about 17% to evade your +0 hand axe)
You hit the gnoll.
The gnoll is severely wounded.
You kill the gnoll!
You see here a +0 club.
Things that are here:
a +4 flail; a gnoll skeleton
Press: ? - help, v - describe, . - travel, g - get item
Items here: a +4 flail; a gnoll skeleton.
The floor.
This square is lit by a halo.
You are illuminated by a small divine halo.
You are glowing.
Your movement speed is average.
Your attack delay is about 1.0.
Your damage rating with your +0 hand axe is about 9 (Base 7 x 117% (Str) x 115% (Skill)).
Unknown command.
Unknown command.
j - a +4 flail (weapon)
Adjust (i)tems, (s)pells, or (a)bilities?
j - a +4 flail (weapon)
Adjust to which letter? (? for menu, Esc to quit)
w - a +4 flail (weapon)
There is a faded altar of an unknown god here.
This altar belongs to (a) Jiyva, (b) Ru or (c) Ignis, but you can't tell which.
Press the corresponding letter to learn more about a god, or press enter to convert or escape to cancel.
Ignis accepts your prayer! Ignis welcomes you!
You can now rocket upward and away.
HP restored.
A bat comes into view.
A bat is nearby!
The bat closely misses you. The bat hits you but does no damage.
The bat closely misses you. The bat hits you but does no damage.
You hit the bat.
You kill the bat!
No target in view!
No target in view!
You see here a bat corpse.
A bat comes into view.
You closely miss the bat. The bat closely misses you.
The bat hits you but does no damage.
You hit the bat.
You kill the bat!
No target in view!
No target in view!
You see here a bat corpse.
Found a red potion.
j - a red potion An adder comes into view.
You sock the adder!
The adder is severely wounded.
The adder closely misses you. The adder barely misses you.
You hit the adder.
You kill the adder!
No target in view!
Found a scroll labelled CICIGO ZIV IBODAW.
An adder comes into view.
An adder is nearby!
The adder hisses angrily.
You hit the adder.
The adder is moderately wounded.
The adder bites you but does no damage. The adder barely misses you.
You sock the adder!
You kill the adder!
Your Armour skill increases to level 1!
No target in view!
No target in view!
You see here an adder corpse.
q - a scroll labelled CICIGO ZIV IBODAW An orc comes into view.
It is wielding a +0 war axe.
Found a stone staircase leading down.
The orc shouts!
An orc is nearby!
You completely miss the orc. The orc barely misses you.
You sock the orc!
You kill the orc!
No target in view!
No target in view!
Things that are here:
a +0 war axe; a +0 leather armour A goblin comes into view.
It is wielding a +0 dagger.
The goblin shouts!
You hear an angry hiss.
A ball python comes into view.
There are monsters nearby!
Found a bloodstained altar of Trog.
The goblin hits you but does no damage.
You barely miss the goblin. The goblin hits you but does no damage.
The goblin closely misses you.
You barely miss the goblin. The goblin hits you with a +0 dagger.
You barely miss the goblin. The goblin hits you but does no damage.
The ball python bites you but does no damage.
The ball python grabs you. The ball python constricts you.
You hit the ball python.
The ball python is severely wounded.
The ball python barely misses you. The ball python constricts you.
The goblin hits you but does no damage.
The ball python bites you but does no damage.
The ball python constricts you. The goblin hits you with a +0 dagger.
You barely miss the ball python.
The ball python is severely wounded.
The ball python bites you but does no damage.
The ball python constricts you. The goblin hits you but does no damage.
You sock the ball python!
You kill the ball python!
The goblin hits you but does no damage.
You hit the goblin but do no damage. The goblin hits you but does no damage.
You closely miss the goblin. The goblin closely misses you.
The goblin hits you but does no damage.
You sock the goblin!
You kill the goblin!
No target in view!
No target in view!
You see here a +0 dagger.
Found an emerald ring.
r - a ring of protection from fire An adder comes into view.
The adder moves out of view.
r - a ring of protection from fire (left hand)
An adder is nearby!
The adder barely misses you.
You hit the adder.
The adder is moderately wounded.
The adder barely misses you. The adder bites you but does no damage.
You completely miss the adder.
The adder is moderately wounded.
The adder bites you but does no damage.
You sock the adder!
You kill the adder!
No target in view!
No target in view!
You see here an adder corpse.
You see here a +0 robe.
There is a stone staircase leading down here.
You climb downwards.
Level annotation: Grinder
There is a stone staircase leading up here.
Found a stone staircase leading down.
You open the door.
Found a stone staircase leading down.
Found a plate armour.
There is an open door here.
There is a stone staircase leading down here.
You see here a +0 plate armour.
s - a +0 plate armour You open the door.
An endoplasm comes into view.
The endoplasm quivers.
Found a purple potion.
There is an open door here.
You hit the endoplasm.
You kill the endoplasm!
No target in view!
No target in view!
t - a purple potion
Found a whip.
A dart slug comes into view.
A dart slug is nearby!
You hit the dart slug.
The dart slug is severely wounded.
The dart slug launches a dart at you.
The slug dart hits you but does no damage.
You hit the dart slug.
You kill the dart slug!
No target in view!
Found a yellow potion and a scroll labelled NUVYDD OLYKETS.
e - 5 scrolls labelled NUVYDD OLYKETS (gained 1)
As you read the scroll labelled NUVYDD OLYKETS, it crumbles to dust.
It is a scroll of identify.
h - a scroll of enchant weapon
f - 2 yellow potions (gained 1)
You open the door.
There is an open door here.
You open the door.
There is an open door here.
You open the door.
Found Huchomoymu's Antique Weapon Boutique.
There is an open door here.
Why would you want to do that? Why would you want to do that?
A scorpion is nearby!
A scorpion is nearby!
A scorpion is nearby!
An endoplasm comes into view.
The endoplasm freezes you.
You are frozen.
You hit the endoplasm.
The endoplasm is moderately wounded.
The endoplasm freezes you.
You are frozen.
You sock the endoplasm!
You kill the endoplasm!
No reachable target in view!
No reachable target in view!
The scorpion stings you but does no damage. x2
You sock the scorpion!
The scorpion is heavily wounded.
The scorpion closely misses you.
You thump the scorpion!
You kill the scorpion!
You have reached level 6!
Press: ? - help, v - describe, . - travel Huchomoymu's Antique Weapon Boutique.
Sorry, I don't know how to get there.
HP restored.
HP restored.
Press: ? - help, v - describe, . - travel Huchomoymu's Antique Weapon Boutique.
There is an entrance to Huchomoymu's Antique Weapon Boutique here.
Are you sure you want to abandon this character and quit the game? (Confirm with "yes".)

##...## ##...... ...
#..##.###.##..# ...
#.............# #.#
#.≈≈≈≈≈≈≈≈≈≈≈.# #.#
#.≈.........≈.# #.#
##.≈.≈≈≈≈≈≈≈.≈.# ##'##
#..≈.≈.....≈.≈.# ##...##
#..≈.≈.≈≈≈.≈.≈.###.....##
#..≈.≈.≈@≈.≈.≈.##.......#
#..≈.≈...≈.≈.≈.#.........
#..≈.≈≈≈≈≈.≈.≈.'.........
#..≈.......≈.≈.#.........
#..≈≈≈≈≈≈≈≈≈.≈.##.......#
#............≈.###.....##
#..≈≈≈≈≈≈≈≈≈≈≈.# ##...##
#..............# ##+##
#..........#####


There were no monsters in sight!

Vanquished Creatures
  A scorpion (D:4)
  Terence (D:2)
  3 gnolls (D:3)
  5 adders
  2 ufetubi (D:3)
  2 dart slugs
  3 ribbon worms
  An orc (D:3)
  3 endoplasms
  4 giant cockroaches
  2 hobgoblins
  3 kobolds
  4 quokkas
  5 ball pythons
  6 bats
  A frilled lizard (D:1)
  5 goblins
  5 rats
56 creatures vanquished.

Notes
Turn   | Place    | Note
-------+----------+-------------------------------------------
     0 | D:1      | jagoly the Gargoyle Monk began the quest for the Orb.
     0 | D:1      | Reached XP level 1. HP: 14/14 MP: 1/1
   118 | D:2      | Noticed Terence
   170 | D:1      | Reached XP level 2. HP: 12/19 MP: 2/2
   207 | D:1      | Reached skill level 1 in Stealth
   283 | D:1      | Reached XP level 3. HP: 19/23 MP: 3/3
   510 | D:2      | Found Pelej's Antique Armour Shoppe.
   577 | D:2      | Found Qezoh's Antique Weapon Boutique.
   724 | D:4      | Noticed Grinder
   810 | D:3      | Reached XP level 4. HP: 18/29 MP: 4/4
   820 | D:3      | Found a faded altar of an unknown god.
  1017 | D:2      | Killed Terence
  1066 | D:3      | Reached XP level 5. HP: 21/33 MP: 5/5
  1097 | D:3      | Prayed at the altar of an unknown god.
  1097 | D:3      | Became a worshipper of Ignis, the Dying Flame
  1097 | D:3      | Reached ****** piety under Ignis
  1189 | D:3      | Reached skill level 1 in Armour
  1215 | D:3      | Found a bloodstained altar of Trog.
  1377 | D:4      | Found Huchomoymu's Antique Weapon Boutique.
  1399 | D:4      | Reached XP level 6. HP: 35/39 MP: 6/6
  1445 | D:4      | Quit the game

Illustrated notes

Levels and vault maps discovered:
D:1:      dpeg_arrival_round_b, layout_loops_ring
D:2:      cheibrodos_helix_gallery, layout_basic, serial_forest,
          infiniplex_forest_corner_1, infiniplex_forest_lined_2,
          infiniplex_forest_end_2, infiniplex_forest_zigzag_1,
          infiniplex_forest_lined_3, infiniplex_forest_straight_2,
          infiniplex_forest_clump_C, infiniplex_forest_pool,
          infiniplex_forest_clump_curved, infiniplex_forest_fountain,
          serial_shops, shop, shop, nicolae_shop_pleasant_corner_grove,
          uniq_terence
D:3:      layout_loops_ring, mainiacjoe_overflow_tiny_flanked,
          shapermc_ecumenical_altar_mp_urbaneastern
D:4:      layout_loops_corners, nicolae_inconvenience_store,
          minmay_misc_feat_cross, uniq_grinder

Skill      XL: |  1  2  3  4  5 |
---------------+----------------+-----
Axes           | 3 4 |  4.6
Stealth        | 1 2 |  2.0
Fighting       | 4 |  4.6
Armour         | 1 |  1.9
Dodging        | |  2.4

Action                     |  1- 3 |  4- 6 || total
---------------------------+-------+-------++-------
  Melee: Hand axe          |    67 |     9 ||    76
         Dagger            |    46 |    26 ||    72
         Flail             |       |    28 ||    28
  Throw: Stone             |       |     1 ||     1
         Boomerang         |       |     1 ||     1
    Use: Scroll            |       |     1 ||     1
 Armour: Robe              |    56 |    15 ||    71
         Scale mail        |       |    31 ||    31
  Dodge: Dodged            |    82 |    32 ||   114
